 Dungeon Crawl Stone Soup version 0.28.0-49-g6dfe1f597d (webtiles) character file.

Game seed: 776180629857962826

141 enile the Vexing (level 5, -2/36 HPs)
             Began as a Vampire Enchanter on May 20, 2022.
             Slain by a phantom (4 damage)
             ... on level 4 of the Dungeon.
             The game lasted 00:04:51 (2731 turns).

enile the Vexing (Vampire Enchanter)                Turns: 2731, Time: 00:04:52

Health: -2/36      AC:  2    Str:  7      XL:     5   Next: 3%
Magic:  0/8        EV: 12    Int: 17 (20) God:
Gold:   146        SH:  0    Dex: 14      Spells: 3/8 levels left

rFire   . . .      SeeInvis +   c - +0 rapier
rCold   . . .      Faith    .   (no shield)
rNeg    . . .      Spirit   +   b - +0 robe
rPois   .          Reflect  .   (no helmet)
rElec   .          Harm     .   (no cloak)
rCorr   .          Rampage  .   (no gloves)
Will    .....                   (no boots)
Stlth   +++.......              e - amulet of guardian spirit
HPRegen 0.32/turn               f - ring of wizardry
MPRegen 0.11/turn               (no ring)

@: about to teleport, attractive, healing quickly
A: alive, fangs 3, see invisible, vampiric 2, [frail 1]
a: Exsanguinate


You were on level 4 of the Dungeon.
You visited 1 branch of the dungeon, and saw 4 of its levels.

You collected 146 gold pieces.

Inventory:

Hand Weapons
 a - a +1 dagger
 c - a +0 rapier (weapon)
Armour
 b - a +0 robe (worn)
Jewellery
 e - an amulet of guardian spirit (around neck)
 f - a ring of wizardry (left hand)
Scrolls
 h - 2 scrolls of teleportation


   Skills:
 - Level 3.0 Fighting
 - Level 3.0 Short Blades
 + Level 2.6 Dodging
 - Level 4.4 Stealth
 - Level 2.0 Spellcasting
 - Level 5.0 Hexes


You had 3 spell levels left.
You knew the following spells:

 Your Spells              Type           Power      Damage    Failure   Level
a - Ensorcelled Hibernat  Hex/Ice        20%        N/A       4%          2
b - Tukima's Dance        Hex            18%        N/A       3%          3

Your spell library contained the following spells:

 Spells                   Type           Power      Damage    Failure   Level
 Confusing Touch          Hex            18%        N/A       3%          3
 Dazzling Flash           Conj/Hex       20%        N/A       9%          3


Dungeon Overview and Level Annotations

Branches:
Dungeon (4/15)
 Temple: D:4-7

Altars:
Kikubaaqudgha
Trog


Innate Abilities, Weirdness & Mutations

Your natural rate of healing is accelerated.
You have razor-sharp teeth.
You have supernaturally acute eyesight. (SInv)
You are afflicted with vampirism and can become a bat while bloodless.
[You are frail. (-10% HP)]


Message History

The phantom hits you.
You hit the phantom. Your bite misses the phantom.
The phantom is lightly damaged.
The phantom hits you but does no damage.
You closely miss the phantom.
The phantom is lightly damaged.
The phantom hits you.
You hit the phantom but do no damage.
The phantom is lightly damaged.
The phantom hits you!
You hit the phantom. Your bite misses the phantom.
The phantom is moderately damaged.
The phantom hits you.
The phantom blinks!
You blink.
The phantom hits you.
The phantom blinks!
You blink.
Found a potion of attraction.
Okay, then.
You fail to use your ability.
The phantom barely misses you. The phantom hits you. Continue your ritual?
The phantom blinks!
You blink.
You begin the revivification ritual.
You continue your ritual.
The phantom misses you. The jackal is attracted toward you.
You continue your ritual.
The phantom hits you.
* * * LOW HITPOINT WARNING * * *
The jackal is attracted toward you.
You continue your ritual.
The phantom hits you but does no damage.
The jackal is attracted toward you.
You continue your ritual.
The phantom misses you. The jackal is attracted toward you. x2
You continue your ritual.
The phantom hits you!
* * * LOW HITPOINT WARNING * * *
The phantom blinks!
You blink.
The jackal is attracted toward you. x2
You return to life.
You feel frail.
Okay, then.
As you read the scroll of teleportation, it crumbles to dust.
You feel strangely unstable. The phantom hits you.
You die...

#....#........#
#
#....#........#
#
#######...§...#
# #..§..:.# #
#.......# #
#.§.....#
#§.h....#.
######W.h§.....
.......@....####
####.#......#
#+##.....#
##.#..# .#..# ..
.# .. # ...


You could see a phantom and 2 jackals.

Vanquished Creatures
  An orc priest (D:3)
  Jessica (D:3)
  An orc wizard (D:3)
  An adder (D:3)
  A worm (D:2)
  A dart slug (D:2)
  7 orcs (D:3)
  A bat (D:3)
  3 endoplasms
  A giant cockroach (D:2)
  3 hobgoblins
  A jackal (D:1)
  4 kobolds
  A quokka (D:2)
  3 ball pythons (D:2)
  5 goblins
  3 rats
38 creatures vanquished.

Vanquished Creatures (collateral kills)
  A kobold (D:3)
1 creature vanquished.

Vanquished Creatures (others)
  2 dancing weapons (D:3)
2 creatures vanquished.

Grand Total: 41 creatures vanquished

Notes
Turn   | Place    | Note
-------+----------+-------------------------------------------
     0 | D:1      | enile the Vampire Enchanter began the quest for the Orb.
     0 | D:1      | Reached XP level 1. HP: 13/13 MP: 3/3
    50 | D:1      | You fall into a shaft and drop 1 floor!
   117 | D:2      | Reached skill level 5 in Hexes
   184 | D:2      | Reached XP level 2. HP: 20/20 MP: 5/5
   187 | D:2      | Learned a level 2 spell: Ensorcelled Hibernation
   225 | D:2      | Reached skill level 1 in Fighting
  1003 | D:3      | Found a bloodstained altar of Trog.
  1100 | D:3      | Gained mutation: You are afflicted with vampirism and can
                  | become a bat while bloodless. [Vampire growth]
  1100 | D:3      | Reached XP level 3. HP: 25/27 MP: 1/6
  1174 | D:3      | Learned a level 3 spell: Tukima's Dance
  1268 | D:3      | Noticed Jessica
  1290 | D:3      | Killed Jessica
  1372 | D:3      | Reached XP level 4. HP: 35/35 MP: 7/7
  1428 | D:3      | Found an ancient bone altar of Kikubaaqudgha.
  2312 | D:3      | Reached XP level 5. HP: 32/32 MP: 4/8
  2712 | D:4      | Noticed a phantom
  2731 | D:4      | Slain by a phantom

Illustrated notes

Levels and vault maps discovered:
D:1:      ldierk_walled_garden, layout_loops_ring,
          hellmonk_ecumenical_altar_crossroads, minmay_cupped
D:2:      layout_loops_ring
D:3:      layout_loops_ring, nicolae_kikubaaqudgha_miasma_corner,
          mainiacjoe_overflow_small_starburst, minmay_fractal_squares_gapless_5,
          uniq_jessica
D:4:      layout_basic, worldfamousw_hep_ancestral_shrine,
          minmay_temple_entry_mist, serial_park_tiny_pond

Skill      XL: |  1  2  3  4 |
---------------+-------------+-----
Hexes          | 5 |  5.0
Fighting       | 2 3 |  3.0
Short Blades   | 3 |  3.0
Dodging        | |  2.6
Stealth        | |  4.4
Spellcasting   | |  2.0

Action                   |  1- 3 |  4- 6 || total
-------------------------+-------+-------++-------
Melee: Dagger            |     6 |       ||     6
       Rapier            |    41 |    46 ||    87
       Bite              |     2 |       ||     2
 Cast: Ensorcelled Hiber |    16 |    14 ||    30
       Tukima's Dance    |     1 |     2 ||     3
 Abil: Exsanguinate      |       |     1 ||     1
       Revivify          |       |     1 ||     1
  Use: Potion            |     4 |     2 ||     6
       Scroll            |     1 |     2 ||     3
 Stab: Sleeping          |    13 |     9 ||    22
Armor: Robe              |     8 |     7 ||    15
Dodge: Dodged            |    33 |    25 ||    58
